 Dungeon Crawl Stone Soup version 0.27.0-1-g7a089689b8 (webtiles) character file.

Game seed: 2101354648085124103

3 robertstho the Charlatan (level 1, -2/13 HPs)
             Began as an Octopode Artificer on Aug 6, 2021.
             Slain by a kobold (4 damage)
             ... on level 1 of the Dungeon.
             The game lasted 00:00:29 (75 turns).

robertstho the Charlatan (Octopode Artificer)         Turns: 75, Time: 00:00:29

Health: -2/13      AC:  1    Str: 11    XL:     1   Next: 50%
Magic:  1/1        EV: 13    Int: 13    God:
Gold:   0          SH:  0    Dex: 12    Spells: 0/0 levels left

rFire    . . .     SeeInvis .   a - +0 club
rCold    . . .     Faith    .   (no shield)
rNeg     . . .     Spirit   .   (helmet restricted)
rPois    .         Reflect  .   (no amulet)
rElec    .         Harm     .   (no ring)
rCorr    .         Rampage  .   (no ring)
Will     .....                  (no ring)
Stlth    +++.......             (no ring)
HPRegen  0.04/turn              (no ring)
MPRegen  0.07/turn              (no ring)
                                (no ring)
                                (no ring)

@: no status effects
A: almost no armour, amphibious, 8 rings, camouflage 1, gelatinous body 1,
(nimble swimmer 1), tentacles
a: no special abilities


You were on level 1 of the Dungeon.
You visited 1 branch of the dungeon, and saw 1 of its levels.

Inventory:

Hand Weapons
 a - a +0 club (weapon)
Wands
 b - a wand of flame (15) (quivered)
 c - a wand of charming (15)
Miscellaneous
 d - a piece from Xom's chessboard (15/15)


   Skills:
 + Level 1.0 Fighting
 + Level 2.3 Dodging
 + Level 1.3 Stealth
 + Level 3.5 Evocations


You couldn't memorise any spells.
You didn't know any spells.
Your spell library was empty.

Dungeon Overview and Level Annotations

Branches:
Dungeon (1/15)

Altars:


Innate Abilities, Weirdness & Mutations

You cannot wear most types of armour.
You are amphibious.
You can wear up to eight rings at the same time.
Your skin changes colour to match your surroundings (Stealth+).
Your rubbery body absorbs attacks. (AC +1, EV +1)
((You are camouflaged near water. (Stealth+)))
You have tentacles for arms and can constrict up to eight enemies at once.


Message History

You kill the quokka!
No target in view!
No target in view!
HP restored.
A rat comes into view.
Found a stone staircase leading down.
A kobold comes into view. It is wielding a +0 dagger.
The kobold shouts!
The kobold closely misses you.
A goblin comes into view. It is wielding a +0 club.
A dart slug comes into view.
The goblin shouts!
You hit the kobold.
You kill the kobold!
A kobold comes into view. It is wielding a +0 short sword.
The kobold shouts!
You hear a shout!
The rat bites you but does no damage.
Things that are here:
a +0 dagger; 5 stones You closely miss the rat.
Your grab misses the rat. The dart slug launches a dart at you.
The slug dart hits you. The rat bites you.
You hit the rat.
You kill the rat!
You hit the goblin. Your grab misses the goblin.
The goblin is moderately wounded.
The goblin barely misses you. The goblin hits you with a +0 club.
You barely miss the goblin. Your grab misses the goblin.
Your squeeze misses the goblin.
The goblin is moderately wounded.
The goblin barely misses you. The kobold closely misses you.
You hit the goblin. Your grab misses the goblin.
The goblin is severely wounded.
A hobgoblin comes into view.
The goblin misses you. The dart slug launches a dart at you.
The slug dart hits you.
* * * LOW HITPOINT WARNING * * *
The kobold hits you with a +0 short sword.
You die...

...........#..#######
#####.##.....#########
#.................
#.#†..#..#########
#....###..######
#._..∩..∩.....8#
#..............# #
...............#...#
##.∩..8..8..♣@.w.....
#..........Kg..>....
.............#..##
∩..8..∩..8..∩# ..#
............# ..
............
.∩..∩..∩..∩.#
.........g..


You could see a dart slug, a hobgoblin, a goblin and a kobold.

Vanquished Creatures
  A kobold (D:1)
  A quokka (D:1)
  A rat (D:1)
3 creatures vanquished.

Notes
Turn   | Place    | Note
-------+----------+-------------------------------------------
     0 | D:1      | robertstho the Octopode Artificer began the quest for the
                  | Orb.
     0 | D:1      | Reached XP level 1. HP: 13/13 MP: 1/1
     8 | D:1      | Found a faded altar of an unknown god.
    75 | D:1      | Slain by a kobold

Illustrated notes

Levels and vault maps discovered:
D:1:      dpeg_arrival_rooms_a, layout_rooms,
          hellmonk_ecumenical_altar_arch_garden, serial_forest,
          infiniplex_forest_corner_1, infiniplex_forest_lined_2,
          infiniplex_forest_clump_double, infiniplex_forest_lined_ring,
          infiniplex_forest_side_room, infiniplex_forest_straight_2,
          minmay_misc_feat_encased, corexii_item_surrounded_by_moat

Action                   || total
-------------------------++-------
Melee: Club              ||     9
       Constrict         ||     1
       Tentacles         ||     1
Armor: Skin              ||     1
Dodge: Dodged            ||     6
